 Dungeon Crawl Stone Soup version 0.19-a0-743-ge0d55e4 (webtiles) character file.

75975 Implojin the Nimble (level 15, -5/156 HPs)
             Began as a Troll Fighter on June 23, 2016.
             Was an Elder of Okawaru.
             Slain by the 27-headed Lernaean hydra (11 damage)
             ... on level 4 of the Swamp.
             The game lasted 01:02:58 (8214 turns).

Implojin the Nimble (Troll Fighter)                 Turns: 8214, Time: 01:02:58

Health: -5/156     AC:  7    Str: 28    XL:     15   Next: 11%
Magic:  19/20      EV: 22    Int:  9    God:    Okawaru [****..]
Gold:   928        SH: 21    Dex: 14    Spells: 0 memorised, 14 levels left

rFire  + + .     SeeInvis .     y - +2 blowgun
rCold  . . .     Gourm    +     l - swamp dragon hide
rNeg   . . .     Faith    .     m - +0 large shield
rPois  +         Spirit   .     J - +0 hat of Panentheism {rF+ Int+5}
rElec  .         Dismiss  .     H - +0 cloak
rCorr  .         Reflect  .     (gloves unavailable)
SustAt .         Harm     .     (boots unavailable)
MR     +....                    K - amulet of magic regeneration
Stlth  ++........               B - ring of protection from fire
                                v - +3 ring of evasion

@: heroism, very slightly contaminated, invisible, somewhat resistant to hostile
enchantments, unstealthy
A: unfitting armour, claws 3, fast metabolism 3, gourmand, regeneration 2,
shaggy fur 1, tough skin 2
a: Heroism, Renounce Religion


You were on level 4 of the Swamp.
You worshipped Okawaru.
Okawaru was greatly pleased with you.
You were very full.

You visited 3 branches of the dungeon, and saw 25 of its levels.
You also visited: Ice Cave and Volcano.

You collected 928 gold pieces.

Inventory:

Hand Weapons
 i - a +1 scimitar of flaming
 y - a +2 blowgun (weapon)
 z - a +0 dagger of distortion
Missiles
 a - 8 silver tomahawks
 k - 6 tomahawks
 A - 7 curare-tipped needles (quivered)
 T - 5 steel javelins
 Z - 4 large rocks
Armour
 l - a swamp dragon hide (worn)
 m - a +0 large shield (worn)
 w - a +0 robe of magic resistance
 C - a mottled dragon hide
 F - the +0 robe of Myjemuli {Str-5 Int+6 Dex+5}
   (Okawaru gifted it to you on level 13 of the Dungeon)

   It affects your strength (-5).
   It affects your intelligence (+6).
   It affects your dexterity (+5).
 H - a +0 cloak (worn)
 J - the +0 hat of Panentheism (worn) {rF+ Int+5}
   (Okawaru gifted it to you on level 14 of the Dungeon)

   It affects your intelligence (+5).
   It protects you from fire.
 X - a +1 robe of positive energy
Magical Staves
 G - an uncursed staff of power {unknown}
 Q - a cursed staff of cold {unknown}
Jewellery
 r - an uncursed ring of fire
 v - a +3 ring of evasion (left claw)
 B - a ring of protection from fire (right claw)
 K - an amulet of magic regeneration (around neck)
 S - an uncursed amulet of the gourmand
 V - a -3 ring of intelligence
Wands
 j - a wand of disintegration (9/24)
 q - a wand of slowing (27/48)
 s - a wand of iceblast (6/15)
 D - a wand of flame (19/48)
 L - a wand of polymorph (14/24)
 M - a wand of iceblast (5/15)
Scrolls
 c - a scroll of amnesia
 h - 2 scrolls of immolation
 n - a scroll of random uselessness
 P - 4 scrolls of remove curse
Potions
 p - a potion of flight
 x - a potion of mutation
 N - 2 potions of brilliance
 U - 2 potions of might
 W - a potion of agility {unknown}
 Y - a potion of degeneration
Books
 t - a book of Flames

   Spells                             Type                      Level
   a - Flame Tongue                   Conjuration/Fire             1
   b - Throw Flame                    Conjuration/Fire             2
   c - Conjure Flame                  Conjuration/Fire             3
   d - Inner Flame                    Hexes/Fire                   3
   e - Sticky Flame                   Conjuration/Fire             4
   f - Fireball                       Conjuration/Fire             5
 I - a book of Frost

   Spells                             Type                      Level
   a - Freeze                         Ice                          1
   b - Throw Frost                    Conjuration/Ice              2
   c - Ozocubu's Armour               Charms/Ice                   3
   d - Throw Icicle                   Conjuration/Ice              4
   e - Summon Ice Beast               Ice/Summoning                4
Comestibles
 d - 6 bread rations
 f - 7 meat rations
 g - 3 beef jerkies
 E - 4 fruits


   Skills:
 - Level 12.0(17.0) Fighting
 * Level 12.2(17.2) Dodging
 - Level 10.0(15.0) Shields
 - Level 12.0(17.0) Unarmed Combat
 - Level 8.2 Invocations


You had 14 spell levels left.
You didn't know any spells.

Dungeon Overview and Level Annotations

Branches:
Dungeon (15/15)            Temple (0/1) D:7            Lair (6/6) D:10
  Swamp (4/4) Lair:4        Slime (0/5) Lair:5          Orc (0/2) D:11
 Vaults (0/5) D:14         Depths (0/5) D:15
  Snake: Lair:2-4    Spider: Lair:2-4

Altars:
Cheibriados
Okawaru
Pakellas
Xom
The Shining One
Jiyva

Annotations:
Lair:5 1 runed door
Lair:6 1 runed door
Swamp:4 Lernaean hydra


Innate Abilities, Weirdness & Mutations

You are too large for most types of armour.
You have claws for hands.
Your metabolism is lightning-fast.
You like to eat raw meat.
You heal very quickly.
You are covered in fur. (AC +1)
You have very tough skin. (AC +2)


Message History

Unknown command.
Unknown command.
Okay, then.
Okay, then.
Wield which item (- for none, * to show all)? (? for menu, Esc to quit)
Okay, then.
Wield which item (- for none, * to show all)? (? for menu, Esc to quit)
y - a +2 blowgun (weapon)
Firing (i - inventory. (,) - cycle):
A - 8 curare-tipped needles (quivered)
Press: ? - help, Shift-Dir - straight line, f - 27-headed Lernaean hydra
Aim: the 27-headed Lernaean hydra You shoot a curare-tipped needle.
The curare-tipped needle barely misses the 27-headed Lernaean hydra.
The 27-headed Lernaean hydra bites you but does no damage.
You block the 27-headed Lernaean hydra's attack. x2
The 27-headed Lernaean hydra closely misses you.
You block the 27-headed Lernaean hydra's attack.
The 27-headed Lernaean hydra closely misses you.
The 27-headed Lernaean hydra barely misses you.
The 27-headed Lernaean hydra misses you.
The 27-headed Lernaean hydra bites you but does no damage.
You block the 27-headed Lernaean hydra's attack.
The 27-headed Lernaean hydra barely misses you.
The 27-headed Lernaean hydra bites you!
* * * LOW HITPOINT WARNING * * *
The 27-headed Lernaean hydra bites you but does no damage.
The 27-headed Lernaean hydra barely misses you.
The 27-headed Lernaean hydra bites you!
* * * LOW HITPOINT WARNING * * *
The 27-headed Lernaean hydra closely misses you.
You block the 27-headed Lernaean hydra's attack.
The 27-headed Lernaean hydra misses you. x2
The 27-headed Lernaean hydra bites you!
* * * LOW HITPOINT WARNING * * *
The 27-headed Lernaean hydra bites you.
* * * LOW HITPOINT WARNING * * *
The 27-headed Lernaean hydra barely misses you.
The 27-headed Lernaean hydra misses you.
The 27-headed Lernaean hydra bites you!
You die...

#≈.§# ≈♣ ♣♣..♣♣≈.≈≈≈≈.[. ##.###.
♣≈♣♣♣♣♣..≈≈≈§.. ♣ ##.†#≈♣ ♣♣
♣♣≈.≈≈≈≈≈.♣ ♣♣♣♣. #.†)#.♣
♣♣≈..≈≈≈≈≈≈. ♣♣≈≈♣♣.#..§.♣
♣♣♣♣♣≈...≈≈≈≈≈≈≈
♣≈≈#≈♣♣....≈♣♣♣♣≈#.≈.....≈♣≈≈≈≈
≈#...♣♣♣♣≈.♣♣♣.≈.≈...§≈≈≈≈♣♣♣♣♣
≈≈≈≈≈≈≈♣♣..≈.....≈...≈≈≈≈♣♣
.≈≈.≈♣≈♣....≈≈§#@...≈...≈♣
)≈#≈.†♣≈..^...wDy(.♣♣♣..♣♣♣♣♣♣♣♣♣
≈......♣♣♣♣♣♣♣D..≈§.♣♣♣♣♣♣...≈.≈♣
....≈.♣♣ ♣♣D..§♣♣ ♣≈≈≈§.≈≈
≈≈≈≈..♣ ♣...≈♣♣♣♣♣♣♣♣(.....♣
...♣.≈≈♣ ♣♣...≈♣♣≈≈≈≈≈≈≈≈≈.♣♣
≈..≈)≈♣♣ ♣≈..≈.♣.≈≈≈..≈≈.≈≈≈≈
≈.....♣ ♣♣≈≈.♣≈≈...♣≈...≈≈≈§
....≈♣♣ ♣♣≈≈≈≈♣♣♣♣♣♣...≈≈≈≈


You could see the 27-headed Lernaean hydra, 2 six-headed hydras, a giant leech
(wandering) and a wasp.

Vanquished Creatures
  3 thorn hunters
  Frances (Swamp:1)
  A fire dragon (Lair:6)
  4 vault guards (D:14)
  12 hydras
  Erica (D:9)
  3 centaur warriors
  2 death yaks (Lair:5)
  4 alligators
  Sonja (D:11)
  The ghost of fairyof the Thaumaturge, a novice DEEE of Vehumet (D:10)
  A giant orange brain (D:15)
  11 swamp dragons
  A spriggan druid (Swamp:3)
  3 hill giants
  A lindwurm (Volcano)
  A necromancer (IceCv)
  A wolf spider zombie (D:14)
  A wolf spider (D:14)
  A deep elf mage (D:14)
  6 ugly things
  3 cyclopes (D:15)
  A manticore (shapeshifter) (D:15)
  An elephant (D:10)
  2 ice statues (IceCv)
  4 black mambas
  Joseph (D:10)
  Psyche (D:10)
  2 torpor snails (Lair:6)
  3 centaur zombies
  A gargoyle (D:13)
  6 spiny frogs
  3 rime drakes
  A kobold demonologist (D:14)
  4 ice devils (IceCv)
  An efreet (D:15)
  5 komodo dragons
  2 trolls (D:14)
  A jumping spider (shapeshifter) (D:15)
  3 bog bodies
  2 giant leeches (Swamp:2)
  A two-headed ogre (D:11)
  8 slime creatures
  27 blink frogs
  A shadow (D:14)
  3 spriggans (Swamp:3)
  3 wyverns
  17 yaks
  A fire bat (shapeshifter) (D:15)
  2 wraiths (D:15)
  6 basilisks
  2 steam dragons (Lair:6)
  A human (shapeshifter) (D:12)
  2 hungry ghosts
  2 fire bats (Volcano)
  5 vampire mosquitoes
  4 hippogriffs
  13 swamp worms
  2 soldier ants (D:13)
  8 mottled dragons
  3 hell hounds
  13 water moccasins
  2 porcupines
  11 swamp drakes
  An orc warrior (D:14)
  An eye of draining (D:8)
  8 ice beasts (Lair:5)
  A phantom (D:10)
  A wasp (Swamp:1)
  2 sky beasts
  2 ogres
  A necrophage (D:13)
  9 wolves
  8 centaurs
  6 crocodiles
  5 giant frogs
  4 wights (D:12)
  2 howler monkeys
  An electric eel (Lair:4)
  A crimson imp (D:8)
  2 draconian simulacra (IceCv)
  7 centaur skeletons
  A giant frog skeleton (D:13)
  4 hounds
  A jelly (D:8)
  An orc priest (D:11)
  5 orc wizards
  4 iguanas
  6 worker ants
  2 troll simulacra (IceCv)
  A spriggan simulacrum (IceCv)
  A sheep (D:10)
  A hound skeleton (D:8)
  A worker ant zombie (D:7)
  4 adders
  2 naga simulacra (IceCv)
  3 ogre simulacra (IceCv)
  8 river rats
  3 shadow imps
  2 worms
  2 dart slugs (D:4)
  19 orcs
  4 giant cockroaches
  2 hobgoblins
  3 jackals (D:8)
  A quokka (D:8)
  A bat (D:2)
  A giant newt (D:1)
  A jackal zombie (D:5)
  2 rats (D:1)
  5 briar patches
  2 plants (Lair:6)
399 creatures vanquished.

Vanquished Creatures (others)
  A crocodile (Lair:6)
  An iguana (Lair:6)
  7 briar patches
  12 fungi
  3 plants (Lair:6)
24 creatures vanquished.

Grand Total: 423 creatures vanquished

Notes
Turn   | Place    | Note
--------------------------------------------------------------
     0 | D:1      | Implojin the Troll Fighter began the quest for the Orb.
     0 | D:1      | Reached XP level 1. HP: 22/22 MP: 0/0
   149 | D:2      | Reached XP level 2. HP: 29/29 MP: 1/1
   219 | D:3      | Found a glowing golden altar of the Shining One.
   257 | D:3      | Reached skill level 3 in Unarmed Combat
   298 | D:4      | Found an iron altar of Okawaru.
   298 | D:4      | Noticed an ogre
   306 | D:4      | Became a worshipper of Warmaster Okawaru
   314 | D:4      | Killed an ogre
   314 | D:4      | Reached skill level 4 in Unarmed Combat
   314 | D:4      | Reached XP level 3. HP: 3/36 MP: 2/2
   314 | D:4      | Reached XP level 4. HP: 4/44 MP: 3/3
   331 | D:5      | Entered Level 5 of the Dungeon
   337 | D:4      | Reached skill level 5 in Unarmed Combat
   367 | D:4      | Found a snail-covered altar of Cheibriados.
   419 | D:4      | Reached XP level 5. HP: 41/50 MP: 4/4
   484 | D:6      | Reached * piety under Okawaru
   484 | D:6      | Reached skill level 6 in Unarmed Combat
   610 | D:7      | Reached XP level 6. HP: 59/59 MP: 5/5
   657 | D:7      | Reached skill level 7 in Unarmed Combat
   700 | D:7      | Found an oddly glowing altar of Pakellas.
   721 | D:7      | Found a staircase to the Ecumenical Temple.
   861 | D:8      | Reached ** piety under Okawaru
   861 | D:8      | Reached XP level 7. HP: 66/66 MP: 0/6
   896 | D:8      | Reached skill level 8 in Unarmed Combat
   995 | D:9      | Found an oddly glowing altar of Pakellas.
  1070 | D:10     | Entered Level 10 of the Dungeon
  1135 | D:10     | Reached skill level 9 in Unarmed Combat
  1174 | D:10     | Noticed Joseph
  1184 | D:10     | Killed Joseph
  1184 | D:10     | Reached skill level 10 in Unarmed Combat
  1184 | D:10     | Reached XP level 8. HP: 64/74 MP: 4/7
  1270 | D:9      | Reached *** piety under Okawaru
  1299 | D:9      | Noticed Erica
  1306 | D:9      | Killed Erica
  1306 | D:9      | Reached skill level 11 in Unarmed Combat
  1306 | D:9      | Reached XP level 9. HP: 46/80 MP: 5/8
  1337 | D:8      | Reached skill level 12 in Unarmed Combat
  1406 | D:10     | Reached skill level 3 in Fighting
  1462 | D:10     | Found a staircase to the Lair.
  1462 | D:10     | Noticed an elephant
  1462 | D:10     | Noticed fairyof's ghost (novice DEEE)
  1484 | D:10     | Killed an elephant
  1484 | D:10     | Reached skill level 5 in Fighting
  1488 | D:10     | Reached **** piety under Okawaru
  1496 | D:10     | Noticed Psyche
  1500 | D:10     | Killed fairyof's ghost
  1500 | D:10     | Reached skill level 6 in Fighting
  1502 | D:10     | Killed Psyche
  1502 | D:10     | Reached skill level 7 in Fighting
  1502 | D:10     | Reached XP level 10. HP: 31/102 MP: 4/9
  1584 | D:11     | Noticed Sonja
  1605 | D:11     | Killed Sonja
  1642 | D:11     | Reached skill level 8 in Fighting
  1825 | D:12     | Reached ***** piety under Okawaru
  1838 | D:12     | Reached skill level 9 in Fighting
  1884 | D:12     | Noticed a cyan ugly thing
  1896 | D:12     | Killed a cyan ugly thing
  1994 | D:13     | Noticed a hill giant
  2006 | D:13     | Killed a hill giant
  2006 | D:13     | Received a gift from Okawaru
  2006 | D:13     | Reached skill level 10 in Fighting
  2007 | D:13     | Got a creamy pearl robe {god gift}
  2034 | D:13     | Noticed a gargoyle
  2035 | D:13     | Noticed a centaur warrior
  2045 | D:13     | Killed a gargoyle
  2073 | D:13     | Killed a centaur warrior
  2073 | D:13     | Reached XP level 11. HP: 21/119 MP: 6/10
  2079 | D:13     | HP: 3/119 [something (10)]
  2263 | D:13     | Identified the +0 robe of Myjemuli {Str-5 Int+6 Dex+5} (Okawaru gifted it to you on level 13 of the Dungeon)
  2395 | D:14     | Reached skill level 11 in Fighting
  2440 | D:14     | Found a gate to the Vaults.
  2440 | D:14     | Noticed a vault guard
  2440 | D:14     | Noticed a vault guard
  2440 | D:14     | Noticed a vault guard
  2441 | D:14     | Noticed a vault guard
  2441 | D:14     | Noticed a six-headed hydra
  2454 | D:14     | Reached skill level 1 in Invocations
  2463 | D:14     | Killed a vault guard
  2463 | D:14     | Reached skill level 3 in Invocations
  2657 | D:14     | Killed a vault guard
  2657 | D:14     | Reached skill level 4 in Invocations
  2737 | D:14     | Noticed a deep elf mage
  2745 | D:14     | Killed a deep elf mage
  2745 | D:14     | Reached skill level 5 in Invocations
  2790 | D:14     | Reached skill level 6 in Invocations
  2794 | D:14     | Killed a vault guard
  2830 | D:14     | Killed an 11-headed hydra
  2830 | D:14     | Received a gift from Okawaru
  2830 | D:14     | Reached skill level 7 in Invocations
  2984 | D:14     | Killed a vault guard
  2984 | D:14     | Reached skill level 8 in Invocations
  3042 | D:15     | Entered Level 15 of the Dungeon
  3048 | D:15     | Reached XP level 12. HP: 89/130 MP: 14/17
  3340 | D:14     | Noticed a four-headed hydra
  3350 | D:14     | Killed a seven-headed hydra
  3354 | D:14     | Noticed a four-headed hydra
  3355 | D:14     | Noticed a centaur warrior
  3365 | D:14     | Killed a ten-headed hydra
  3367 | D:14     | Killed a centaur warrior
  3367 | D:14     | Received a gift from Okawaru
  3521 | D:14     | Reached skill level 12 in Fighting
  3561 | D:14     | Reached skill level 3 in Shields
  3593 | D:14     | Reached skill level 4 in Shields
  3865 | D:15     | Reached skill level 5 in Shields
  4007 | D:15     | Received a gift from Okawaru
  4022 | D:15     | Noticed a centaur warrior
  4034 | D:15     | Killed a centaur warrior
  4034 | D:15     | Reached skill level 6 in Shields
  4234 | D:15     | Found a staircase to the Depths.
  4257 | D:15     | Lost intelligence.
  4264 | D:15     | Reached skill level 7 in Shields
  4292 | D:15     | Reached XP level 13. HP: 55/140 MP: 18/18
  4404 | D:14     | Received a gift from Okawaru
  4405 | D:14     | Got a twisted hat {god gift}
  4411 | D:14     | Identified the +0 hat of Panentheism {rF+ Int+5} (Okawaru gifted it to you on level 14 of the Dungeon)
  4439 | D:13     | Reached skill level 8 in Shields
  4608 | Lair:1   | Entered Level 1 of the Lair of Beasts
  4744 | Lair:3   | Reached skill level 9 in Shields
  5179 | Lair:5   | Reached skill level 10 in Shields
  5257 | Lair:5   | Reached skill level 3 in Dodging
  5299 | Lair:5   | Found a frozen archway.
  5321 | Lair:5   | Reached skill level 4 in Dodging
  5340 | Lair:5   | Found a runed door.
  5342 | Lair:5   | Found a viscous altar of Jiyva.
  5352 | IceCv    | Entered an ice cave
  5384 | IceCv    | Received a gift from Okawaru
  5418 | IceCv    | Reached skill level 5 in Dodging
  5649 | Lair:5   | Found a staircase to the Slime Pits.
  5668 | Lair:6   | Entered Level 6 of the Lair of Beasts
  5733 | Lair:6   | Reached skill level 6 in Dodging
  5812 | Lair:6   | Noticed a fire dragon
  5826 | Lair:6   | Killed a fire dragon
  5831 | Lair:6   | Reached skill level 7 in Dodging
  5881 | Lair:6   | Reached XP level 14. HP: 64/149 MP: 19/19
  5992 | Lair:6   | Found a runed door.
  6100 | Lair:6   | Found a dark tunnel.
  6108 | Volcano  | Entered a volcano
  6207 | Volcano  | Reached skill level 8 in Dodging
  6692 | Lair:4   | Found a staircase to the Swamp.
  6711 | Swamp:1  | Entered Level 1 of the Swamp
  6711 | Swamp:1  | Noticed Frances
  6713 | Swamp:1  | Noticed a thorn hunter
  6734 | Swamp:1  | Killed a thorn hunter
  6734 | Swamp:1  | Reached skill level 9 in Dodging
  6755 | Swamp:1  | Killed Frances
  6810 | Swamp:2  | Noticed a thorn hunter
  6832 | Swamp:2  | Killed a thorn hunter
  6989 | Swamp:2  | Reached skill level 10 in Dodging
  7132 | Swamp:2  | Found a shimmering altar of Xom.
  7361 | Swamp:4  | Entered Level 4 of the Swamp
  7456 | Swamp:4  | Reached skill level 11 in Dodging
  7480 | Swamp:4  | Noticed a thorn hunter
  7486 | Swamp:4  | Killed a thorn hunter
  7497 | Swamp:4  | Received a gift from Okawaru
  7800 | Swamp:4  | Reached XP level 15. HP: 150/156 MP: 20/20
  7889 | Swamp:4  | Reached skill level 12 in Dodging
  7932 | Swamp:4  | Noticed the 27-headed Lernaean hydra
  8214 | Swamp:4  | HP: 6/156 [the 27-headed Lernaean hydra (6)]
  8214 | Swamp:4  | Slain by the 27-headed Lernaean hydra

Vault maps used:
D:1:      matt_arrival_refuge, kennysheep_flooded_box
D:2:      nicolae_dithmenos_shadow_blocks
D:3:      minmay_misc_feat_encased, tso_metal_star, uniq_terence
D:4:      corexii_shantytown, lemuel_round_altar, kennysheep_slug_shrine,
          first_bread, serial_shops, nicolae_shop_behind_doors, st_stairs_11,
          okawaru_trees_1, uniq_crazy_yiuf_cottage
D:5:      trog_eyes_of_draining
D:7:      kennysheep_mini_moat, hangedman_abyss_or_decor_jellyfish_corner,
          the_bakery
D:8:      marbit_many_paths
D:9:      grunt_pakellas_salt, uniq_maurice, uniq_erica
D:10:     david_lair_generic, serial_curves, eino_curves_01, eino_curves_03,
          uniq_joseph, uniq_psyche
D:11:     david_orc_4, uniq_sonja
D:12:     basic_altar, nemelex_diamond_rough_becter
D:13:     minmay_quarter_circles
D:14:     minmay_nested_s, lightli_vaults_fourway_checkpoint,
          grunt_decor_resistance
D:15:     gammafunk_enter_depths_forms, fedhas_altar_2, hangedman_decor_opposing
Lair:1:   infiniplex_staircase_pool, grunt_megastairs_1, serial_bayou_shore_b,
          uniq_gastronok
Lair:2:   minmay_snake_entry_guardpost_large, grunt_forest_stairs_basic,
          serial_bayou_shore_b
Lair:3:   bh_autumn_forest_stairs, grunt_megastairs_3, lemuel_fruit_tree
Lair:4:   nicolae_swamp_entry_splash_gauntlet, st_stairs_4
Lair:5:   slime_altar_2, portal_ice_cave_entry_ice_beasts, minivault_19
Lair:6:   guppyfry_lair_end_dragon, wormcave, enter_volcano_3, basic_altar
Swamp:1:  nicolae_swamp_very_dense_foliage, swamp_pool5, nicolae_swamp_treefoil,
          uniq_frances, uniq_roxanne
Swamp:2:  nicolae_swamp_godswood
Swamp:3:  evilmike_swamp_ruin_house_2, swamp_pool1, infiniplex_staircase_pool_2
Swamp:4:  swamp_old_school, swamp_pool1
IceCv:    ice_cave_tombish
Volcano:  volcano_pools

Skill      XL: |  1  2  3  4  5  6  7  8  9 10 11 12 13 14 15 |
---------------+----------------------------------------------+-----
Unarmed Combat | 4 5 6 7 10 11 12 | 12.0
Fighting       | 7 10 11 12 | 12.0
Invocations    | 8 |  8.2
Shields        | 7 10 | 10.0
Dodging        | 7 11 12 | 12.2

Action                   |  1- 3 |  4- 6 |  7- 9 | 10-12 | 13-15 || total
-------------------------+-------+-------+-------+-------+-------++-------
Melee: Unarmed           |    43 |    97 |   110 |   449 |   789 ||  1488
       Scimitar          |       |       |       |       |    13 ||    13
 Fire: Blowgun           |       |       |       |       |     1 ||     1
Throw: Tomahawk          |       |       |       |     6 |    17 ||    23
       Large rock        |       |       |       |       |    28 ||    28
       Javelin           |       |       |       |       |     7 ||     7
Invok: Heroism           |       |     1 |     6 |    34 |    51 ||    92
       Finesse           |       |       |       |     6 |    14 ||    20
Evoke: Wand              |       |       |       |       |     2 ||     2
  Use: Potion            |     1 |       |     1 |     3 |    13 ||    18
       Scroll            |       |       |     8 |     9 |    22 ||    39
 Stab: Sleeping          |       |       |       |       |     5 ||     5
  Eat: Chunk             |     2 |    11 |     6 |    27 |    38 ||    84
       Pizza             |       |       |       |       |     1 ||     1
       Beef jerky        |       |       |       |       |     1 ||     1
Armor: Robe              |    13 |    21 |    17 |    69 |    31 ||   151
       Swamp dragon hide |       |       |       |       |    25 ||    25
       Skin              |       |       |       |       |     7 ||     7
Dodge: Dodged            |    20 |    15 |    16 |   125 |   282 ||   458
Block: Shield            |    17 |    12 |       |       |       ||    29
       Large shield      |       |    39 |    65 |   299 |   641 ||  1044

Table legend:
 A = Turns spent in this place as a percentage of turns spent in the entire game.
 B = Non-inter-level travel turns spent in this place as a percentage of non-inter-level travel turns spent in the entire game.
 C = Inter-level travel turns spent in this place as a percentage of turns spent in this place.
 D = Turns resting spent in this place as a percentage of non-inter-level travel turns spent in this place.
 E = Turns spent auto-exploring this place as a percentage of non-inter-level travel turns spent in this place.
 F = Non-inter-level travel turns spent in this place divided by the number of levels of this place that you've seen.
                   A       B       C       D       E      F
               +-------+-------+-------+-------+-------+----------------------
         Total | 100.0 | 100.0 |   0.0 |   0.8 |   0.0 | 260.1
       Dungeon |  54.8 |  54.8 |   0.0 |   0.6 |   0.0 | 256.5
          Lair |  23.8 |  23.8 |   0.0 |   0.0 |   0.0 | 279.0
         Swamp |  16.1 |  16.1 |   0.0 |   2.6 |   0.0 | 282.8
      Ice Cave |   3.4 |   3.4 |   0.0 |   1.3 |   0.0 | 237.0
       Volcano |   1.9 |   1.9 |   0.0 |   0.0 |   0.0 | 134.0
               +-------+-------+-------+-------+-------+----------------------

Table legend:
 A = Kills in this place as a percentage of kills in entire the game.
 B = Kills by you in this place as a percentage of kills by you in the entire game.
 C = Kills by friends in this place as a percentage of kills by friends in the entire game.
 D = Other kills in this place as a percentage of other kills in the entire game.
 E = Experience gained in this place as a percentage of experience gained in the entire game.
 F = Experience gained in this place divided by the number of levels of this place that you have seen.
                   A       B       C       D       E      F
               +-------+-------+-------+-------+-------+----------------------
         Total | 100.0 | 100.0 |  -nan | 100.0 | 100.0 | 4019.9
       Dungeon |  46.3 |  46.4 |  -nan |   0.0 |  38.2 | 2763.1
          Lair |  32.8 |  32.7 |  -nan | 100.0 |  26.0 | 4707.3
         Swamp |  14.5 |  14.5 |  -nan |   0.0 |  31.0 | 8403.5
      Ice Cave |   4.3 |   4.3 |  -nan |   0.0 |   2.9 | 3184.0
       Volcano |   2.0 |   2.0 |  -nan |   0.0 |   1.9 | 2047.0
               +-------+-------+-------+-------+-------+----------------------
